Map: Lightshade LE

Players

HeroMarine - Winner!

  • Race: Terran Terran

MaxPax

  • Race: Protoss Protoss

Event: DreamHack SC2 Masters 2021 Winter

VOD

Have the link to the VOD?

Description

Time

  • Played on: Oct. 10, 2021, 2:26 p.m.
  • Length: 8:24

All games in this series

Show
View Real Time Build Order
Export as new Build Order

HeroMarine Terran - Winner!

Build Orders: Reaper Expand 

Get SALT Encoding   

  12  0:00  SCV  
  13  0:12  SCV  
  14  0:17  Supply Depot  
  14  0:24  SCV  
  15  0:38  SCV  
  15  0:39  Barracks  
  16  0:42  Refinery  
  16  0:50  SCV  
  17  1:02  SCV  
  18  1:14  SCV  
  19  1:26  Reaper  
  19  1:27  Orbital Command  
  20  1:45  Command Center  
  20  1:52  Supply Depot  
  20  1:54  SCV  
  21  1:58  Marine  
  22  2:06  SCV  
  23  2:16  Marine  
  23  2:18  SCV  
  25  2:26  Factory  
  25  2:30  SCV  
  25  2:31  Bunker  
  25  2:34  Marine  
  27  2:42  SCV  
  27  2:45  Refinery  
  26  2:52  Barracks Reactor  
  26  2:54  SCV  
  26  3:02  Orbital Command  
  26  3:06  SCV  
  26  3:11  Starport, Hellion  
  29  3:18  SCV  
  30  3:28  SCV, Marine x2  
  30  3:31  SCV  
  30  3:32  Widow Mine  
  36  3:38  Supply Depot  
  36  3:40  SCV  
  37  3:43  SCV  
  37  3:46  Marine x2  
  40  3:50  Medivac  
  40  3:52  SCV  
  40  3:54  Widow Mine  
  40  3:55  SCV  
  44  4:04  SCV, Marine x2  
  44  4:07  SCV  
  47  4:16  SCV  
  46  4:17  Factory Tech Lab  
  46  4:19  SCV  
  46  4:20  Starport Tech Lab  
  46  4:22  Marine x2  
  48  4:26  Supply Depot  
  48  4:28  Supply Depot, SCV  
  49  4:31  SCV  
  49  4:36  Siege Tank  
  53  4:39  Barracks  
  53  4:46  SCV  
  53  4:47  SCV, Raven, Marine x2  
  53  4:48  Refinery  
  53  4:52  Barracks  
  59  4:53  Engineering Bay  
  59  4:59  SCV  
  59  5:00  SCV  
  59  5:08  Marine x2  
  59  5:09  Siege Tank  
  64  5:14  SCV x2  
  66  5:22  Supply Depot  
  66  5:24  Terran Infantry Weapons Level 1  
  66  5:26  Marine x2  
  68  5:28  SCV, Refinery  
  68  5:29  SCV  
  70  5:37  Stimpack  
  70  5:39  Barracks  
  70  5:44  SCV x2  
  70  5:45  Barracks Tech Lab, Barracks  
  70  5:47  Supply Depot  
  70  5:48  Marine  
  73  5:50  Marine x2  
  73  5:54  Siege Tank  
  73  5:56  Starport Reactor  
  78  6:03  Supply Depot  
  78  6:06  Combat Shield  
  78  6:07  Supply Depot  
  78  6:08  SCV x2, Marine  
  81  6:11  Marine  
  81  6:12  Supply Depot  
  81  6:13  Marine x2  
  84  6:20  SCV x2  
  86  6:26  Marine  
  86  6:29  Barracks Reactor, Siege Tank, Marine  
  86  6:31  Barracks Tech Lab  
  88  6:33  Medivac  
  88  6:36  Marine x2  
  88  6:37  Supply Depot  
  91  6:42  Medivac  
  93  6:47  Supply Depot  
  93  6:50  Marine  
  93  6:51  Marine  
  95  6:54  Marauder x2  
  95  6:56  Marauder  
  101  7:08  Medivac, Marine x2  
  102  7:16  Marauder x2, Marine x2  
  102  7:17  Medivac  
  102  7:18  Marauder  
  112  7:26  Marine x2  
  114  7:33  Marine  
  112  7:37  Marauder x2  
  112  7:38  Viking  
  112  7:39  Marauder  
  112  7:42  Marine  
  120  7:44  Marine  
  120  7:58  Marine  
  120  7:59  Marauder x2, Marine  
  120  8:00  Marauder  
  120  8:04  Marine x2  
Show
View Real Time Build Order
Export as new Build Order

MaxPax Protoss 

Build Orders: 1 Gate Expand 

Get SALT Encoding   

  12  0:00  Probe  
  13  0:12  Probe  
  14  0:18  Pylon  
  14  0:24  Probe  
  15  0:30  Pylon  
  15  0:36  Probe  
  16  0:49  Gateway  
  16  0:50  Probe  
  16  0:55  Assimilator  
  17  1:02  Probe  
  18  1:14  Probe  
  19  1:26  Probe  
  19  1:31  Nexus  
  20  1:36  Zealot (Chrono Boost)  
  22  1:47  Cybernetics Core  
  22  1:49  Probe  
  23  1:55  Zealot (Chrono Boost)  
  25  2:02  Assimilator  
  25  2:05  Probe  
  25  2:17  Probe  
  25  2:21  Stalker (Chrono Boost)  
  24  2:25  Warp Gate (Chrono Boost)  
  24  2:29  Probe  
  27  2:41  Probe  
  27  2:43  Probe  
  29  2:44  Stalker (Chrono Boost)  
  29  2:53  Probe  
  29  2:54  Shield Battery  
  29  2:55  Probe  
  31  3:03  Gateway  
  31  3:06  Probe  
  31  3:08  Probe  
  31  3:12  Adept  
  35  3:18  Probe  
  36  3:23  Gateway  
  36  3:24  Probe  
  37  3:30  Probe  
  38  3:36  Probe  
  39  3:42  Probe  
  39  3:44  Twilight Council, Pylon  
  40  3:48  Probe  
  40  3:54  Probe  
  42  4:00  Probe  
  43  4:06  Probe  
  38  4:10  Stalker  
  38  4:11  Blink (Chrono Boost)  
  38  4:12  Probe  
  39  4:18  Stalker, Probe  
  42  4:25  Stalker, Probe  
  42  4:29  Shield Battery  
  42  4:30  Probe  
  46  4:34  Stalker  
  46  4:37  Probe  
  49  4:42  Stalker, Probe, Pylon  
  52  4:49  Probe  
  52  4:51  Robotics Facility  
  53  4:54  Probe  
  54  5:01  Probe  
  54  5:07  Probe  
  54  5:08  Stalker  
  54  5:09  Stalker  
  54  5:10  Stalker  
  54  5:13  Probe  
  61  5:22  Pylon  
  61  5:24  Pylon  
  61  5:25  Assimilator  
  61  5:27  Assimilator  
  61  5:29  Probe  
  62  5:38  Pylon  
  62  5:40  Probe  
  62  5:41  Observer (Chrono Boost)  
  64  5:45  Robotics Bay  
  64  5:47  Probe, Forge  
  65  5:52  Probe  
  66  5:58  Nexus  
  66  6:02  Charge  
  66  6:05  Probe  
  66  6:08  Pylon  
  67  6:12  Probe  
  67  6:16  Immortal (Chrono Boost)  
  68  6:20  Probe  
  71  6:27  Observer  
  71  6:29  Stalker  
  71  6:30  Observer  
  71  6:31  Probe  
  74  6:35  Probe  
  75  6:44  Probe  
  75  6:45  Colossus (Chrono Boost)  
  75  6:46  Observer  
  82  6:47  Probe  
  83  6:54  Shield Battery  
  83  6:56  Probe  
  83  6:59  Probe  
  85  7:02  Observer  
  85  7:08  Probe  
  86  7:11  Probe  
  86  7:13  Probe  
  88  7:18  Zealot x3  
  91  7:30  Gateway  
  91  7:33  Shield Battery  
  91  7:35  Gateway  
  91  7:36  Colossus (Chrono Boost)  
  85  7:41  Sentry x2  
  91  7:44  Gateway  
  89  7:53  Probe  
  86  8:00  Shield Battery  
  75  8:05  Zealot x2  
  75  8:07  Probe  
  75  8:10  Probe  

Tags
 
Add a new tag
Caveats
  • Supply blocks, unpowered buildings, or Contaminate may cause inaccurate times.
  • Supply counts are checked every 10 seconds.